[Event "Team 45 45 League T39"]
[Site "Internet Chess Club"]
[Date "2008.11.15"]
[Round "4"]
[White "Zebbile"]
[Black "Stav"]
[Result "0-1"]
[WhiteElo "1980"]
[BlackElo "1820"]
[Opening "QGD: exchange, positional line"]
[ECO "D35"]
[Time "16:01:27"]
[TimeControl "2700+45"]

1. d4 d5 2. c4 e6 3. Nc3 Nf6 4. cxd5 exd5 5. Bg5 Be7 6. e3 c6 7. Bd3 Nbd7 8. Qc2
Nf8 9. Nf3 Ng6 10. O-O-O Be6 11. h4 Nh5 12. Rdg1 Qd7 13. Bxg6 fxg6 14. g4 Nf6
15. Ne5 Qc7 16. f4 Bf7 17. f5 Ne4 18. Nxe4 dxe4 19. Nxf7 Kxf7 20. fxg6+ hxg6 21.
Rf1+ Ke8 22. Qxe4 Qd6 23. Rf7 Kxf7 24. Rf1+ Bf6 25. Bf4 Qd5 26. Qd3 Rxh4 27. g5
Rh1 28. gxf6 Rxf1+ 29. Qxf1 Rh8 30. Kd2 Rh1 31. Qd3 gxf6 32. Qa3 Qg2+ 33. Kc3
Rc1+ 34. Kb4 Qd2+ 35. Kb3 Qd3+ 36. Ka4 Qb5# {White checkmated} 0-1

[Event "Team 45 45 League T39"]
[Site "Internet Chess Club"]
[Date "2008.11.15"]
[Round "4"]
[White "Frankly"]
[Black "pishd"]
[Result "0-1"]
[WhiteElo "1740"]
[BlackElo "1802"]
[Opening "Dutch defense, Rubinstein variation"]
[ECO "A40"]
[Time "12:06:46"]
[TimeControl "2700+45"]

1. d4 e6 2. c4 f5 3. Nc3 Nf6 4. Bg5 Bb4 5. Qc2 h6 6. Bxf6 Qxf6 7. e3 O-O 8. Nf3
d6 9. a3 Bxc3+ 10. Qxc3 Nd7 11. Be2 e5 12. O-O b6 13. Rfd1 e4 14. Nd2 Bb7 15.
Qc2 Rae8 16. Qa4 Rf7 17. c5 bxc5 18. dxc5 d5 19. Bb5 c6 20. Be2 Nxc5 21. Qxa7
Ne6 22. Qa4 f4 23. Qb3 Qg6 24. Bf1 Ng5 25. Kh1 f3 26. g3 Bc8 27. a4 Nh3 28. Bxh3
Bxh3 29. a5 Rf5 30. a6 Rh5 31. a7 Bg2+ 32. Kg1 Rxh2 33. Nxf3 exf3 {White
resigns} 0-1

[Event "Team 45 45 League T39"]
[Site "Internet Chess Club"]
[Date "2008.11.16"]
[Round "4"]
[White "Bill-W"]
[Black "Razorbackchess"]
[Result "0-1"]
[WhiteElo "1701"]
[BlackElo "1782"]
[Opening "Sicilian: closed"]
[ECO "B23"]
[Time "16:32:37"]
[TimeControl "2700+45"]

1. e4 c5 2. Nc3 e6 3. f4 d5 4. Nf3 dxe4 5. Bb5+ Bd7 6. Bxd7+ Qxd7 7. Nxe4 Nc6 8.
b3 Nh6 9. Bb2 Nf5 10. Qe2 Nfd4 11. Nxd4 Nxd4 12. Qd3 O-O-O 13. O-O Qc6 14. Rac1
f6 15. Rfe1 Be7 16. Qg3 Rhg8 17. Kh1 h6 18. d3 f5 19. Nd2 g5 20. fxg5 Bxg5 21.
Qf2 Bh4 {White resigns} 0-1

[Event "Team 45 45 League T39"]
[Site "Internet Chess Club"]
[Date "2008.11.13"]
[Round "4"]
[White "natethegreat"]
[Black "Yedixon"]
[Result "1/2-1/2"]
[WhiteElo "1858"]
[BlackElo "1869"]
[Opening "Petrov: modern attack, Symmetrical variation"]
[ECO "C43"]
[Time "21:08:23"]
[TimeControl "2700+45"]

1. e4 e5 2. Nf3 Nf6 3. d4 Nxe4 4. Bd3 d5 5. Nxe5 Nd7 6. Nxd7 Bxd7 7. O-O Bd6 8.
Nc3 Nxc3 9. bxc3 O-O 10. Qh5 f5 11. Re1 Qf6 12. Bg5 Qf7 13. Qh4 Rae8 14. Be2 Re4
15. Bh5 g6 16. Rxe4 fxe4 17. Be2 Bxh2+ 18. Kxh2 Qxf2 19. Rf1 Qxe2 20. Rxf8+ Kxf8
21. Bh6+ Ke8 22. Qf4 Qh5+ 23. Kg1 Be6 24. Qf8+ Kd7 25. Qg7+ Kc6 26. Bf4 Bd7 27.
Qf6+ Kb5 28. Qe7 Qd1+ 29. Kh2 Qh5+ 30. Kg1 Qd1+ 31. Kh2 Qh5+ 32. Kg1 Qd1+ {Game
drawn by repetition} 1/2-1/2

[Event "Team 45 45 League T39"]
[Site "Internet Chess Club"]
[Date "2008.11.13"]
[Round "4"]
[White "player12321"]
[Black "avila"]
[Result "1-0"]
[WhiteElo "1846"]
[BlackElo "1683"]
[Opening "Queen's pawn game"]
[ECO "D04"]
[Time "20:00:20"]
[TimeControl "2700+45"]

1. d4 d5 2. Nf3 Nf6 3. e3 c6 4. Nbd2 Bg4 5. Be2 Nbd7 6. O-O e6 7. h3 Bxf3 8.
Bxf3 c5 9. Qe2 c4 10. c3 Be7 11. e4 O-O 12. Re1 dxe4 13. Nxe4 Nxe4 14. Bxe4 Qc7
15. Qf3 Rab8 16. Bf4 Bd6 17. Bg5 h6 18. Bh4 b5 19. Bc2 Nb6 20. Qe4 g6 21. Qf3
Be7 22. Re4 Bxh4 23. Rxh4 Kg7 24. Re1 Qe7 25. Qg3 Nd5 26. Rg4 Qf6 27. h4 h5 28.
Rg5 Rh8 29. Bd1 Nf4 30. Re4 Nd3 31. f4 Kh6 32. Qe3 Rbd8 33. f5 Kg7 34. fxg6 Rd5
35. gxf7+ Rxg5 36. hxg5 e5 37. gxf6+ {Black resigns} 1-0

[Event "Team 45 45 League T39"]
[Site "Internet Chess Club"]
[Date "2008.11.16"]
[Round "4"]
[White "Caminator"]
[Black "Monsieur"]
[Result "1-0"]
[WhiteElo "1700"]
[BlackElo "1639"]
[Opening "Latvian counter-gambit"]
[ECO "C40"]
[Time "20:00:28"]
[TimeControl "2700+45"]

1. e4 e5 2. Nf3 f5 3. Nxe5 Qe7 4. d4 d6 5. Qh5+ g6 6. Nxg6 Qxe4+ 7. Be3 Nf6 8.
Qg5 Rg8 9. Bd3 Rxg6 10. Bxe4 Rxg5 11. Bxb7 Bxb7 12. Bxg5 Nbd7 13. f3 O-O-O 14.
O-O Be7 15. Re1 Rg8 16. Rxe7 Rxg5 17. Kf2 c5 18. dxc5 Nxc5 19. Nc3 a6 20. Rd1 d5
21. Rf7 Ncd7 22. Na4 Rg6 23. Re1 Bc6 24. Nc3 d4 25. Ne2 Ne5 26. Re7 Neg4+ 27.
fxg4 Nxg4+ 28. Kg1 Ne3 29. g3 Nxc2 30. Rc1 d3 31. Nf4 d2 32. Rd1 Rd6 33. Re6
Rxe6 34. Nxe6 Bd7 35. Rxd2 Nb4 36. Nc5 Bb5 37. a3 Na2 38. Rc2 Kd8 39. b4 Nxb4
40. axb4 Ke7 41. Ra2 {Black resigns} 1-0

[Event "Team 45 45 League T39"]
[Site "Internet Chess Club"]
[Date "2008.11.16"]
[Round "4"]
[White "chess9397"]
[Black "A-Ru"]
[Result "1-0"]
[WhiteElo "1885"]
[BlackElo "1961"]
[Opening "French: exchange variation"]
[ECO "C01"]
[Time "19:00:24"]
[TimeControl "2700+45"]

1. e4 e6 2. d4 d5 3. exd5 exd5 4. Nf3 Bd6 5. Bd3 Ne7 6. O-O Bg4 7. c3 Nbc6 8.
Be3 f6 9. Nbd2 Qd7 10. Qc2 O-O-O 11. b4 Rde8 12. h3 Be6 13. a4 g5 14. a5 g4 15.
b5 Nd8 16. b6 cxb6 17. axb6 a6 18. hxg4 Bxg4 19. c4 Kb8 20. c5 f5 21. cxd6 Qxd6
22. Rfc1 Ndc6 23. Bg5 Rc8 24. Qa4 Nb4 25. Bf1 Nec6 26. g3 Ka8 27. Bf4 Qe7 28.
Rcb1 h5 29. Ne5 h4 30. Nxc6 Rxc6 31. Qxb4 Qh7 32. Bxa6 bxa6 33. Rxa6+ {Black
resigns} 1-0

[Event "Team 45 45 League T39"]
[Site "Internet Chess Club"]
[Date "2008.11.14"]
[Round "4"]
[White "viking99"]
[Black "room-matt"]
[Result "1/2-1/2"]
[WhiteElo "1791"]
[BlackElo "1839"]
[Opening "Ruy Lopez: Cordel gambit"]
[ECO "C64"]
[Time "15:04:29"]
[TimeControl "2700+45"]

1. e4 e5 2. Nf3 Nc6 3. Bb5 Bc5 4. c3 f5 5. d4 fxe4 6. Nxe5 Nxe5 7. Qh5+ Nf7 8.
Bc4 Qe7 9. dxc5 Nf6 10. Qxf7+ Qxf7 11. Bxf7+ Kxf7 12. Bf4 c6 13. O-O Re8 14. Nd2
Re6 15. Nc4 Nd5 16. Bd6 b6 17. Ne5+ Kf6 18. Ng4+ Kg6 19. c4 Nb4 20. a3 Nd3 21.
b4 bxc5 22. bxc5 Ba6 23. Ne3 Rf6 24. Ra2 h5 25. Rc2 Re8 26. Rb1 Rf7 27. Rb8 Rxb8
28. Bxb8 Nxc5 29. Bxa7 Nd3 30. Bb8 Kh7 31. Bd6 g5 32. h3 Rf6 33. Be7 Rg6 34. Nf5
g4 35. hxg4 Rxg4 36. Ng3 h4 37. Nf5 Rxg2+ 38. Kxg2 Ne1+ 39. Kh3 Nxc2 40. Kxh4
Bxc4 41. Bd6 Kg6 42. Ne3 Bb3 43. Kg4 Kf6 44. Kf4 Ke6 45. Bf8 d6 46. Kxe4 Nxa3
47. f4 d5+ 48. Kd4 Nb5+ 49. Kd3 d4 50. Nc4 Kf5 51. Na5 Bd5 52. Bc5 Be4+ 53. Kc4
d3 54. Be3 Kg4 55. Nxc6 Bxc6 56. Kxd3 {Game drawn by mutual agreement} 1/2-1/2

[Event "Team 45 45 League T39"]
[Site "Internet Chess Club"]
[Date "2008.11.16"]
[Round "4"]
[White "chess9793"]
[Black "Marichan"]
[Result "1-0"]
[WhiteElo "1786"]
[BlackElo "1696"]
[Opening "Pirc: classical, h3 system"]
[ECO "B08"]
[Time "19:04:57"]
[TimeControl "2700+45"]

1. e4 d6 2. d4 Nf6 3. Nc3 g6 4. Nf3 Bg7 5. h3 O-O 6. Be3 Nbd7 7. e5 dxe5 8. dxe5
Ne8 9. e6 fxe6 10. Bc4 Nd6 11. Bxe6+ Kh8 12. Bd4 Nf6 13. Bb3 b6 14. O-O c5 15.
Be5 Ba6 16. Re1 c4 17. Bxd6 Qxd6 18. Qxd6 exd6 19. Ba4 Rab8 20. Bb5 Bxb5 21.
Nxb5 Rbd8 22. Nxa7 Nd5 23. c3 Nf4 24. Nb5 Nd3 25. Re2 Nf4 26. Rd2 Bh6 27. Rxd6
Rxd6 28. Nxd6 Nd3 29. Nxc4 b5 30. Nd6 Nxb2 31. Nxb5 Bg7 32. Rb1 Na4 33. c4 Nb2
34. Nd6 Kg8 35. c5 Rd8 36. Nb7 Rc8 37. Rc1 Nd3 38. Rc4 Nb2 39. Rc2 Rc6 40. Nd8
Rc8 41. Ne6 Na4 42. Nxg7 Kxg7 43. Nd4 Kf6 44. c6 Ke5 45. Nb5 Kd5 46. c7 Nb6 47.
Na7 Ra8 48. c8=Q Nxc8 49. Nxc8 {Black resigns} 1-0

[Event "Team 45 45 League T39"]
[Site "Internet Chess Club"]
[Date "2008.11.15"]
[Round "4"]
[White "DaveTheRook"]
[Black "Duguesclin"]
[Result "1-0"]
[WhiteElo "1679"]
[BlackElo "1651"]
[Opening "Queen's Indian: Capablanca variation"]
[ECO "E16"]
[Time "16:36:21"]
[TimeControl "2700+45"]

1. d4 Nf6 2. c4 e6 3. Nf3 b6 4. g3 Bb7 5. Bg2 Bb4+ 6. Bd2 Qe7 7. a3 Bxd2+ 8.
Nbxd2 O-O 9. O-O d6 10. Qc2 Nbd7 11. e4 e5 12. d5 Rac8 13. Bh3 c6 14. Qa4 Nc5
15. Qxa7 Rc7 16. Qxb6 Ncxe4 17. Nxe4 Nxe4 18. dxc6 Rxc6 19. Qe3 Rxc4 20. Rfc1
Rxc1+ 21. Rxc1 d5 22. Qb6 Ng5 23. Nxg5 Qxg5 24. Rc7 Ba8 25. Qc5 Qh5 26. Rc8 Qd1+
27. Bf1 h6 28. Rxf8+ Kh7 29. Rxa8 d4 30. Qxe5 Qf3 31. Re8 {Black resigns} 1-0

[Event "Team 45 45 League T39"]
[Site "Internet Chess Club"]
[Date "2008.11.17"]
[Round "4"]
[White "SlimeDog2"]
[Black "playwaycool"]
[Result "0-1"]
[WhiteElo "2097"]
[BlackElo "2124"]
[Opening "Queen's pawn game, Darooha variation "]
[ECO "D02"]
[Time "22:00:53"]
[TimeControl "2700+45"]

1. d4 d5 2. Nf3 Nf6 3. g3 e6 4. Bg2 Nbd7 5. O-O Bd6 6. c4 c6 7. Nc3 O-O 8. Qc2
dxc4 9. Nd2 Nb6 10. Nce4 Nxe4 11. Bxe4 f5 12. Bg2 Qf6 13. e3 e5 14. dxe5 Bxe5
15. a4 a5 16. Nxc4 Nxc4 17. Qxc4+ Be6 18. Qc2 Qf7 19. Qc5 Bf6 20. Bd2 Rfd8 21.
Bxa5 Be7 22. Qb6 Ra6 23. Qc7 Rc8 24. Qe5 Bf6 25. Qc5 Bxb2 26. Rab1 Bf6 27. Rfd1
Rca8 28. Bc3 Bxc3 29. Qxc3 Rxa4 30. Qb2 Ba2 31. Rbc1 Be6 32. Rb1 Ba2 33. Rbc1 h6
34. Rc5 Be6 35. Rb1 Bc4 36. h4 Bd3 37. Rd1 Be4 38. Qe5 Re8 39. Qd6 b6 40. Rxc6
b5 41. Rc7 Qe6 42. Qd7 Qxd7 43. Rd2 Qxd2 44. Rxg7+ Kxg7 45. Bf3 Qxe3 46. Kh2 b4
47. Kh1 Qf4 48. Kh2 Qxf3 49. Kg1 Ra2 50. Kh2 b3 51. h5 Qg2# {White checkmated}
0-1

[Event "Team 45 45 League T39"]
[Site "Internet Chess Club"]
[Date "2008.11.16"]
[Round "4"]
[White "AMAV"]
[Black "GeofDeV"]
[Result "0-1"]
[WhiteElo "2034"]
[BlackElo "2050"]
[Opening "QGD Slav: 4.e3 Bf5"]
[ECO "D12"]
[Time "09:00:18"]
[TimeControl "2700+45"]

1. d4 d5 2. Nf3 Nf6 3. e3 Bf5 4. c4 c6 5. Nc3 e6 6. Nh4 Bg4 7. Qb3 b6 8. h3 Bh5
9. g4 Ne4 10. Nxe4 Qxh4 11. cxd5 exd5 12. Ng3 Bg6 13. Bd3 Bd6 14. Nf5 Bxf5 15.
Bxf5 g6 16. Bd3 O-O 17. Qc2 Re8 18. Bd2 c5 19. dxc5 Bxc5 20. O-O-O Nc6 21. Bc3
Rec8 22. Kb1 d4 23. exd4 Nxd4 24. Qd2 Rd8 25. Qf4 Ne6 26. Qe5 Bd4 27. Bxd4 Rxd4
28. Qe3 Rad8 29. Bc2 Qf6 30. f3 Kg7 31. Bb3 Nc5 32. Rxd4 Rxd4 33. Bc2 Rb4 34.
Qa3 a5 35. Ka1 Rc4 36. Kb1 Qd4 37. Rd1 Qf2 38. Bd3 Qxf3 39. Bc2 Qe2 40. Rc1 Ne4
41. Qd3 Qxd3 42. Bxd3 Nd2+ {White resigns} 0-1

[Event "Team 45 45 League T39"]
[Site "Internet Chess Club"]
[Date "2008.11.17"]
[Round "4"]
[White "primerpaso"]
[Black "Gregorio"]
[Result "0-1"]
[WhiteElo "1872"]
[BlackElo "2041"]
[Opening "English: Bremen system, Keres variation"]
[ECO "A23"]
[Time "20:06:31"]
[TimeControl "2700+45"]

1. c4 e5 2. Nc3 Nf6 3. g3 c6 4. d4 exd4 5. Qxd4 Be7 6. Bg2 O-O 7. Nf3 Re8 8. O-O
Na6 9. a3 Nc7 10. b4 d5 11. Rd1 Ne6 12. Qd3 dxc4 13. Qxc4 Qc7 14. Bb2 b5 15. Qa2
a5 16. bxa5 Rxa5 17. Qb1 Bb7 18. Nd2 Nc5 19. Nce4 Nfxe4 20. Nxe4 Na4 21. Rc1
Nxb2 22. Qxb2 Rea8 23. Nc3 Bxa3 24. Rxa3 Rxa3 25. Nxb5 Qb6 26. Qxa3 Rxa3 27.
Nxa3 g6 28. Nc4 Qc5 29. Rc2 Qb4 30. Bf1 Ba6 31. e3 Qb1 32. Rc3 Qe1 33. Rc2 Bb5
34. Nd2 Qd1 35. Ra2 Kg7 36. Rb2 Qc1 37. Ra2 c5 38. Kg2 Bxf1+ 39. Nxf1 c4 40. e4
Qb1 41. Re2 c3 42. Ne3 Qxe4+ 43. f3 Qd3 44. Kf2 h5 45. Rc2 g5 46. g4 hxg4 47.
fxg4 Kf6 48. Rxc3 Qd2+ 49. Kg1 Ke6 50. Rb3 Qe2 51. Ra3 Ke5 52. h3 Ke4 53. Ng2
Qd1+ 54. Kf2 Qd2+ {White resigns} 0-1

[Event "Team 45 45 League T39"]
[Site "Internet Chess Club"]
[Date "2008.11.18"]
[Round "4"]
[White "McKnights"]
[Black "VICODIN"]
[Result "0-1"]
[WhiteElo "1647"]
[BlackElo "1862"]
[Opening "Sicilian: Canal-Sokolsky attack, Sokolsky variation"]
[ECO "B52"]
[Time "21:00:38"]
[TimeControl "2700+45"]

1. e4 c5 2. Nf3 d6 3. Bb5+ Bd7 4. Bxd7+ Qxd7 5. c4 Nc6 6. Nc3 Ne5 7. d3 e6 8.
O-O Nf6 9. Bf4 Ng6 10. Bg5 Be7 11. Qa4 Qxa4 12. Nxa4 O-O 13. Rac1 h6 14. Bxf6
Bxf6 15. g3 Ne5 16. Nxe5 Bxe5 17. f4 Bd4+ 18. Kg2 g6 19. Rfe1 Kg7 20. Nc3 a6 21.
e5 dxe5 22. fxe5 Rad8 23. Re2 Rd7 24. Ne4 Rc7 25. Rf1 Bxe5 26. Nxc5 Bd4 27. Nb3
Ba7 28. Kf3 Rd8 29. Nc1 b5 30. b3 Bd4 31. Re4 e5 32. Ne2 f5 33. Rh4 Bb6 34. Nc1
g5 35. Rh5 Kg6 36. c5 Rxc5 37. b4 Rc2 {White resigns} 0-1

[Event "Team 45 45 League T39"]
[Site "Internet Chess Club"]
[Date "2008.11.16"]
[Round "4"]
[White "xakelari"]
[Black "bobhill"]
[Result "1/2-1/2"]
[WhiteElo "2064"]
[BlackElo "2024"]
[Opening "Sicilian: closed, 6.f4"]
[ECO "B25"]
[Time "16:11:43"]
[TimeControl "2700+45"]

1. e4 c5 2. Nc3 Nc6 3. g3 g6 4. Bg2 Bg7 5. d3 d6 6. f4 Nf6 7. Nf3 O-O 8. O-O Bg4
9. h3 Bxf3 10. Qxf3 Nd4 11. Qf2 Rb8 12. Nd1 e6 13. c3 Nc6 14. Ne3 d5 15. Ng4
Nxg4 16. hxg4 d4 17. c4 a5 18. f5 exf5 19. gxf5 f6 20. fxg6 hxg6 21. Bh3 Qe7 22.
Bf4 Ne5 23. Rad1 g5 24. Bxe5 fxe5 25. Bf5 Rf6 26. Qd2 Rh6 27. Kg2 b6 28. Rh1 Rf8
29. Rxh6 Bxh6 30. Rh1 Qg7 31. Qd1 Rf6 32. Qg4 Qf8 33. Be6+ Kg7 34. Bf5 Kf7 35.
Qh5+ Ke7 36. Qd1 Qe8 37. a4 {Game drawn by mutual agreement} 1/2-1/2

[Event "Team 45 45 League T39"]
[Site "Internet Chess Club"]
[Date "2008.11.17"]
[Round "4"]
[White "Beetlejuice"]
[Black "chipionero"]
[Result "1-0"]
[WhiteElo "1912"]
[BlackElo "1718"]
[Opening "King's Indian: 5.Nf3"]
[ECO "E90"]
[Time "15:00:42"]
[TimeControl "2700+45"]

1. d4 Nf6 2. c4 d6 3. Nf3 g6 4. Nc3 Bg7 5. e4 O-O 6. h3 e5 7. d5 Nbd7 8. Bg5 h6
9. Be3 Nc5 10. Nd2 a5 11. g4 Nh7 12. h4 c6 13. Be2 cxd5 14. cxd5 f5 15. gxf5
gxf5 16. exf5 Bxf5 17. Nc4 Rc8 18. f3 Qd7 19. Nb6 Qd8 20. Nxc8 Qxc8 21. Rc1 Qe8
22. Nb5 Qd7 23. Nxd6 {Black resigns} 1-0

[Event "Team 45 45 League T39"]
[Site "Internet Chess Club"]
[Date "2008.11.16"]
[Round "4"]
[White "alexcluster"]
[Black "bgolev"]
[Result "0-1"]
[WhiteElo "1664"]
[BlackElo "1820"]
[Opening "English opening"]
[ECO "A16"]
[Time "09:02:53"]
[TimeControl "2700+45"]

1. c4 Nf6 2. Nc3 g6 3. Nf3 c5 4. g3 b6 5. Bg2 Bb7 6. O-O Bg7 7. d3 Na6 8. Rb1
O-O 9. a3 d6 10. Bd2 e5 11. b4 Qd7 12. b5 Nb8 13. Qc2 a6 14. a4 a5 15. Rbd1 Qc7
16. e3 Nbd7 17. Ne2 e4 18. Ne1 exd3 19. Qxd3 Ne5 20. Qc2 d5 21. cxd5 Bxd5 22.
Bxd5 Nxd5 23. Bxa5 Nxe3 24. Bxb6 Nxc2 25. Bxc7 Nxe1 26. Rfxe1 Nf3+ 27. Kf1 Rxa4
28. b6 Rb4 29. Rb1 Nd2+ {White resigns} 0-1

[Event "Team 45 45 League T39"]
[Site "Internet Chess Club"]
[Date "2008.11.14"]
[Round "4"]
[White "Beddathanme"]
[Black "egd01"]
[Result "1-0"]
[WhiteElo "1856"]
[BlackElo "1534"]
[Opening "Sicilian: Najdorf, Lipnitzky attack"]
[ECO "B86"]
[Time "22:00:10"]
[TimeControl "2700+45"]

1. e4 c5 2. Nf3 d6 3. d4 cxd4 4. Nxd4 Nf6 5. Nc3 a6 6. Bc4 e6 7. Bb3 Nc6 8. f4
Na5 9. O-O b5 10. Qe2 Nxb3 11. axb3 Qb6 12. Be3 Qc7 13. Ncxb5 Qd7 14. Nc3 Bb7
15. e5 Nd5 16. Nxd5 Bxd5 17. c4 Bb7 18. f5 Be7 19. fxe6 fxe6 20. Qg4 O-O-O 21.
Qxe6 dxe5 22. Qxd7+ Rxd7 23. Ne6 Rd3 24. Bc5 Bxc5+ 25. Nxc5 Rd2 26. Nxb7 Kxb7
27. Rf7+ Kb8 28. Rxa6 Rxb2 29. Rb6+ Kc8 30. Re7 Rd8 31. h3 Rdd2 32. Rxg7 Rd7 33.
Rxd7 Kxd7 34. b4 e4 35. Kf1 e3 36. c5 Kc7 37. g4 Rf2+ 38. Ke1 Rf7 39. Ke2 Re7
40. b5 Re5 41. Rc6+ Kb7 42. h4 Re7 43. Rf6 Kc7 44. h5 Kb7 45. g5 Kc7 46. g6 hxg6
47. hxg6 {Black resigns} 1-0

[Event "Team 45 45 League T39"]
[Site "Internet Chess Club"]
[Date "2008.11.16"]
[Round "4"]
[White "trophyking"]
[Black "Ortega"]
[Result "1-0"]
[WhiteElo "2300"]
[BlackElo "1958"]
[Opening "English: Neo-Catalan"]
[ECO "A13"]
[Time "12:06:16"]
[TimeControl "2700+45"]

1. Nf3 Nf6 2. c4 e6 3. g3 d5 4. Bg2 c5 5. O-O Nc6 6. d4 dxc4 7. Qa4 Qb6 8. dxc5
Bxc5 9. Qxc4 Bd7 10. Nc3 Na5 11. Qh4 Qb4 12. Qg5 Bf8 13. a3 Qb6 14. Be3 Qa6 15.
Ne5 h6 16. Qh4 Be7 17. b4 Nb3 18. Rab1 Nd5 19. Nxd5 exd5 20. Qf4 Be6 21. Rxb3 d4
22. Qxd4 Rd8 23. b5 Rxd4 24. bxa6 Bxb3 25. Bxd4 {Black resigns} 1-0

[Event "Team 45 45 League T39"]
[Site "Internet Chess Club"]
[Date "2008.11.16"]
[Round "4"]
[White "PopolVuh"]
[Black "Elddir"]
[Result "0-1"]
[WhiteElo "2011"]
[BlackElo "2097"]
[Opening "Nimzo-Indian: Kmoch variation"]
[ECO "E20"]
[Time "18:15:25"]
[TimeControl "2700+45"]

1. c4 Nf6 2. Nc3 e6 3. d4 Bb4 4. f3 c5 5. d5 d6 6. e4 e5 7. Ne2 Nbd7 8. Be3 O-O
9. g3 a6 10. Bh3 b5 11. cxb5 axb5 12. O-O Ba6 13. Qc2 c4 14. a4 Rb8 15. axb5
Bxb5 16. Nxb5 Rxb5 17. Qxc4 Qb8 18. Ra8 Qxa8 19. Qxb5 Rb8 20. Qc6 Nc5 21. Qxd6
Ncxe4 22. Qxe5 Re8 23. Qc7 Nxd5 24. Qc4 Nd6 25. Qd4 Rxe3 26. Nf4 Nxf4 27. Qxe3
Nxh3+ 28. Kg2 Qc8 29. g4 Nc4 30. Qd4 Nf4+ 31. Qxf4 Bd2 32. Qd4 Ne3+ 33. Kf2 Nxf1
34. Kxf1 Ba5 35. h4 h5 36. Qe5 Qa8 37. Ke2 hxg4 38. fxg4 Qg2+ 39. Kd3 Qd2+ 40.
Kc4 Qb4+ 41. Kd3 Qb3+ 42. Ke4 Qe6 43. Qxe6 fxe6 44. h5 Kf7 45. g5 Bd2 46. h6
gxh6 47. gxh6 Bxh6 48. b4 Bd2 49. b5 Ba5 50. Ke5 Bc7+ 51. Ke4 Kf6 52. Kd4 Kf5
{White resigns} 0-1

[Event "Team 45 45 League T39"]
[Site "Internet Chess Club"]
[Date "2008.11.16"]
[Round "4"]
[White "aww-rats"]
[Black "baris"]
[Result "1/2-1/2"]
[WhiteElo "2017"]
[BlackElo "2119"]
[Opening "Sicilian"]
[ECO "B50"]
[Time "14:02:07"]
[TimeControl "2700+45"]

1. e4 c5 2. Nf3 d6 3. c3 Nf6 4. Be2 e5 5. O-O Be7 6. Qc2 Nc6 7. d3 O-O 8. h3 Qc7
9. Na3 a6 10. Nc4 b5 11. Ne3 Be6 12. d4 exd4 13. cxd4 cxd4 14. Nxd4 Rac8 15.
Qxc6 Qxc6 16. Nxc6 Rxc6 17. Bf3 Rc7 18. Bd2 Rfc8 19. a3 Nd7 20. Rac1 Rxc1 21.
Rxc1 Rxc1+ 22. Bxc1 Bg5 23. Kf1 Ne5 24. Be2 Nc4 25. Ke1 Bxe3 26. fxe3 f6 27. Kd1
Kf7 28. Kc2 Ke7 29. Kc3 Ne5 30. a4 bxa4 31. Bxa6 Nd7 32. Bd3 Nc5 33. Bc2 Bb3 34.
Bb1 Ke6 35. Kd4 h5 36. g3 Kd7 37. Bd2 Be6 38. h4 Kc6 39. Bb4 Kb5 40. Bxc5 dxc5+
41. Kc3 Bf7 42. Bd3+ Kb6 43. Be2 Be8 44. Bf3 g5 45. Bd1 Kb5 46. Be2+ Kc6 47. Bd1
Kd6 48. Kc4 Bf7+ 49. Kd3 Ke5 50. Bxa4 c4+ 51. Ke2 Kxe4 52. Bc2+ Ke5 53. Kf3 Bd5+
54. Kf2 Be4 55. Ba4 Bg6 56. Bc6 Kd6 57. Bf3 g4 58. Bd1 Kc5 59. Ke2 Kb4 60. Kd2
Be4 61. Be2 Kb3 62. Kc1 Bf3 63. Bf1 f5 64. Kd2 Kb4 65. Kc2 {Game drawn by mutual
agreement} 1/2-1/2

[Event "Team 45 45 League T39"]
[Site "Internet Chess Club"]
[Date "2008.11.16"]
[Round "4"]
[White "jonesey"]
[Black "proudchess"]
[Result "1-0"]
[WhiteElo "2028"]
[BlackElo "1998"]
[Opening "Sicilian defense"]
[ECO "B41"]
[Time "13:03:30"]
[TimeControl "2700+45"]

1. e4 c5 2. Nf3 e6 3. d4 cxd4 4. Nxd4 Qb6 5. Nb3 Nc6 6. Nc3 Nf6 7. Be2 Bb4 8.
O-O Bxc3 9. bxc3 Nxe4 10. Ba3 Nxc3 11. Qd3 Nxe2+ 12. Qxe2 d5 13. Qg4 g6 14. Qh4
Qd8 15. Qh6 Qf6 16. Rab1 e5 17. Bc1 Qe7 18. Qg7 Qf8 19. Qf6 Rg8 20. Qf3 Be6 21.
Bg5 f5 22. Qc3 d4 23. Qe1 h6 24. Bc1 Bc4 25. Na5 Bxf1 26. Rxb7 Ba6 27. Rh7 Qb4
28. Bd2 Qc5 29. Nxc6 e4 30. Re7+ Qxe7 31. Nxe7 Kxe7 32. Bxh6 Rgb8 33. h4 Bc4 34.
Qa5 Rb1+ 35. Kh2 Ke6 36. Qa4 Rc8 37. Qxa7 Be2 38. Qxd4 Rd1 39. Qe3 Rxc2 40. Qb3+
Rc4 41. a4 Rd6 42. Bf4 Rc6 43. a5 Bd3 44. Be3 Ra6 45. Kg3 Rc6 46. Bb6 Bc2 47.
Qa2 Ke7 48. a6 f4+ 49. Kh2 Ra4 50. Qb2 Ke6 51. Qb5 Rc8 52. a7 e3 53. fxe3 fxe3
54. Bxe3 Rxh4+ 55. Kg3 Ra4 56. Bf4 Rc3+ 57. Kh2 Rca3 58. Qe5+ Kf7 59. Qd5+ Kg7
60. Be5+ Kh6 61. Qd2+ g5 62. Qxc2 Rxa7 63. Qc6+ Kh5 64. Qe8+ Kh6 65. Bd6 R3a4
66. Bf8+ Kh7 67. Kg3 R4a5 68. Be7 Rf5 69. Kg4 Rf2 70. Kh5 Ra6 71. Bxg5 Kg7 72.
Qe5+ Kg8 73. Be3 Rff6 74. g4 Rfe6 75. Qb8+ Kf7 76. Qb7+ Kg8 77. g5 Rad6 78. Bc5
Rc6 79. Qb8+ Kh7 80. Bd4 {Black resigns} 1-0

[Event "Team 45 45 League T39"]
[Site "Internet Chess Club"]
[Date "2008.11.18"]
[Round "4"]
[White "alo"]
[Black "Qui"]
[Result "1/2-1/2"]
[WhiteElo "1859"]
[BlackElo "1948"]
[Opening "Réti opening"]
[ECO "A05"]
[Time "13:50:47"]
[TimeControl "2700+45"]

1. Nf3 Nf6 2. g3 d5 3. Bg2 g6 4. O-O c5 5. d3 Bg7 6. Nbd2 Nc6 7. e4 dxe4 8. dxe4
O-O 9. Qe2 e5 10. c3 b6 11. Nc4 Ba6 12. Bg5 Qe7 13. Nfd2 Na5 14. Bh3 h6 15. Bxf6
Bxf6 16. b3 Rad8 17. Rfd1 Bg5 18. Nf3 Nxc4 19. Nxg5 Qxg5 20. bxc4 Rxd1+ 21. Rxd1
Rd8 22. Rd5 Rxd5 23. exd5 Qc1+ 24. Bf1 Qxc3 25. Qg4 Qd4 26. Qd7 e4 27. d6 {Game
drawn by mutual agreement} 1/2-1/2

[Event "Team 45 45 League T39"]
[Site "Internet Chess Club"]
[Date "2008.11.15"]
[Round "4"]
[White "alexdb"]
[Black "frothyjowels"]
[Result "0-1"]
[WhiteElo "1977"]
[BlackElo "2219"]
[Opening "Sicilian: Grand Prix attack"]
[ECO "B23"]
[Time "14:08:27"]
[TimeControl "2700+45"]

1. e4 c5 2. Nc3 Nc6 3. f4 e6 4. Bb5 Nd4 5. Bd3 d5 6. b3 dxe4 7. Nxe4 f5 8. Ng5
Nf6 9. Bb2 Be7 10. N1f3 h6 11. Nxd4 hxg5 12. Bb5+ Kf7 13. Nf3 gxf4 14. Ne5+ Kg8
15. Ng6 Rh6 16. Nxf4 a6 17. Bd3 Ng4 18. g3 e5 19. Bc4+ Kh8 20. Nd5 b5 21. Nxe7
Qxe7 22. Bd5 Bb7 23. Bf3 Nxh2 {White resigns} 0-1

[Event "Team 45 45 League T39"]
[Site "Internet Chess Club"]
[Date "2008.11.16"]
[Round "4"]
[White "Wheels"]
[Black "Kallistos"]
[Result "1-0"]
[WhiteElo "1937"]
[BlackElo "1580"]
[Opening "Ruy Lopez: Anderssen variation"]
[ECO "C77"]
[Time "17:00:05"]
[TimeControl "2700+45"]

1. e4 e5 2. Nf3 Nc6 3. Bb5 a6 4. Ba4 Nf6 5. d3 b5 6. Bb3 Be7 7. O-O d6 8. Nbd2
Na5 9. c3 Nxb3 10. Nxb3 c5 11. h3 O-O 12. Be3 Bb7 13. Qe2 Rc8 14. Bg5 h6 15. Bh4
c4 16. dxc4 Rxc4 17. Bxf6 Bxf6 18. Nfd2 Rc8 19. Rac1 Bg5 20. Rfd1 Qb6 21. Rc2
Rfd8 22. c4 b4 23. Nf3 Be7 24. Rdc1 a5 25. Nbd2 a4 26. Nf1 Ba6 27. Ne3 Bb7 28.
Nd5 Bxd5 29. cxd5 Qb7 30. Rc6 Rxc6 31. dxc6 Qb6 32. Qc4 Qc5 33. Ne1 Rc8 34. Nd3
Qxc4 35. Rxc4 a3 36. b3 f6 37. Nxb4 Kf7 38. Nd5 Ke6 39. Nb6 Rc7 40. Nd5 Rc8 41.
c7 f5 {Black resigns} 1-0